 Dungeon Crawl Stone Soup version 0.29-a0-1052-g6990b1bffc (webtiles) character file.

Game seed: 11502258369457996486

128 Sweeb the Trooper (level 4, -16/37 HPs)
             Began as a Mummy Fighter on Aug 17, 2022.
             Demolished by an ogre
             ... wielding a +0 giant spiked club
              (20 damage)
             ... on level 3 of the Dungeon.
             The game lasted 00:03:47 (3405 turns).

Sweeb the Trooper (Mummy Fighter)                   Turns: 3405, Time: 00:03:47

Health: -16/37     AC:  6    Str: 19    XL:     4   Next: 86%
Magic:  4/4        EV:  9    Int:  9    God:
Gold:   74         SH:  4    Dex: 11    Spells: 3/3 levels left

rFire   x . .      SeeInvis .   n - +0 whip
rCold   + . .      Faith    .   c - +0 buckler
rNeg    + + +      Spirit   .   b - +0 scale mail
rPois   ∞          Reflect  .   (no helmet)
rElec   .          Harm     .   h - scarf {shadows}
rCorr   .          Rampage  .   (no gloves)
Will    .....                   (no boots)
Stlth   ..........              (no amulet)
HPRegen 0.12/turn               (no ring)
MPRegen 0.09/turn               (no ring)

@: no status effects
A: cold resistance 1, negative energy resistance 3, torment resistance 2, heat
vulnerability 1, in touch with death 1, no potions
a: no special abilities


You were on level 3 of the Dungeon.
You visited 1 branch of the dungeon, and saw 3 of its levels.

You collected 74 gold pieces.

Inventory:

Hand Weapons
 a - a +0 flail of flaming
 n - a +0 whip (weapon)
Armour
 b - a +0 scale mail (worn)
 c - a +0 buckler (worn)
 g - a +0 tower shield
 h - a scarf of shadows (worn)
 j - a +0 cloak
 k - a +0 plate armour
Jewellery
 i - a ring of flight
Scrolls
 d - a scroll of identify
 e - 3 scrolls of brand weapon
 f - a scroll of immolation
 l - a scroll of blinking
 m - a scroll of fog {unknown}


   Skills:
 + Level 3.8 Fighting
 + Level 2.4 Maces & Flails
 - Level 2.4 Armour
 * Level 3.7 Shields


You had 3 spell levels left.
You didn't know any spells.
Your spell library contained the following spells:

 Spells                   Type           Power      Damage    Failure   Level
 Ozocubu's Armour         Ice            0%         N/A       99%         3
 Tukima's Dance           Hex            0%         N/A       99%         3
 Passage of Golubria      Tloc           0%         N/A       100%        4
 Metabolic Englaciation   Hex/Ice        0%         N/A       100%        5
 Yara's Violent Unravell  Hex/Tmut       0%         3d3       100%        5
 Dispersal                Tloc           0%         N/A       100%        6
 Simulacrum               Ice/Necr       0%         N/A       100%        6
 Disjunction              Tloc           0%         N/A       100%        8


Dungeon Overview and Level Annotations

Branches:
Dungeon (3/15)

Altars:
Dithmenos
Gozag
Makhleb
Okawaru
Qazlal
Ru

Shops:
D:3 :

Annotations:
D:3 3 runed translucent doors, SensoryNuts's ghost, amateur OgFi


Innate Abilities, Weirdness & Mutations

You are immune to poison.
Your flesh is cold resistant. (rC+)
You are immune to negative energy. (rN+++)
You are immune to unholy pain and torment.
You are vulnerable to heat. (rF-)
You are in touch with the powers of death.
You do not drink.


Message History

No target in view!
Found 2 stones.
You now have 74 gold pieces (gained 11).
You see here 2 stones.
Items here: ! ( ) ÷.
An endoplasm comes into view.
Found a knobbly glowing staff.
The endoplasm quivers.
An endoplasm is nearby!
Found a stone staircase leading down.
You hit the endoplasm.
You kill the endoplasm!
No target in view!
No target in view!
No target in view!
You see here a staff of death.
There is a stone staircase leading down here.
An ogre comes into view. It is wielding a +0 giant spiked club.
The ogre shouts!
You see here a +0 dagger.
An ogre is nearby!
An ogre is nearby!
You hit the ogre.
The ogre is lightly wounded.
The ogre hits you with a +0 giant spiked club!!
Ouch! That really hurt!
You hit the ogre.
The ogre is lightly wounded.
The ogre hits you but does no damage.
You hit the ogre.
The ogre is moderately wounded.
You hit the ogre.
The ogre is heavily wounded.
The ogre hits you with a +0 giant spiked club!
* * * LOW HITPOINT WARNING * * *
You hit the ogre but do no damage.
The ogre is heavily wounded.
The ogre hits you with a +0 giant spiked club!!
Ouch! That really hurt!
You die...

#.|......>.....####
#........#######
#........# ####
#........# #...
#####.#### #...
######.###### #...
##....)......## #...
##.............## #...
#....@..........# #...
#...O.....).....# #...
#...........(...# #...
#.<...........÷.###...
#..............().....
#...............####.#
##.............## #..
#.....#.....## #.#
#########.### #.#


You could see an ogre.

Vanquished Creatures
  7 adders
  A worm (D:3)
  A dart slug (D:2)
  2 orcs (D:3)
  6 bats
  8 endoplasms
  2 giant cockroaches
  5 goblins
  A hobgoblin (D:1)
  5 jackals (D:2)
  3 quokkas
  6 ball pythons
  2 frilled lizards (D:3)
  4 kobolds
  A rat (D:2)
54 creatures vanquished.

Vanquished Creatures (others)
  6 plants (D:2)
  11 withered plants (D:2)
17 creatures vanquished.

Grand Total: 71 creatures vanquished

Notes
Turn   | Place    | Note
-------+----------+-------------------------------------------
     0 | D:1      | Sweeb the Mummy Fighter began the quest for the Orb.
     0 | D:1      | Reached XP level 1. HP: 18/18 MP: 1/1
   352 | D:1      | Reached XP level 2. HP: 22/24 MP: 2/2
  1110 | D:2      | Gained mutation: You are in touch with the powers of death.
                  | [Mummy growth]
  1110 | D:2      | Reached XP level 3. HP: 24/29 MP: 3/3
  1850 | D:2      | Found a faded altar of an unknown god.
  1880 | D:2      | Found a shadowy altar of Dithmenos.
  2169 | D:2      | Reached XP level 4. HP: 15/35 MP: 4/4
  2632 | D:3      | Found Ninuog's Vocational Training.
  2638 | D:3      | Found a stormy altar of Qazlal.
  2639 | D:3      | Found a sacrificial altar of Ru.
  2639 | D:3      | Found a shadowy altar of Dithmenos.
  2640 | D:3      | Found an iron altar of Okawaru.
  2677 | D:3      | Found a burning altar of Makhleb.
  2791 | D:3      | Found a runed translucent gate.
  2791 | D:3      | Found a runed translucent gate.
  2791 | D:3      | Found a runed translucent gate.
  2791 | D:3      | Found an opulent altar of Gozag.
  2795 | D:3      | Noticed SensoryNuts's ghost (amateur OgFi)
  2833 | D:3      | Noticed a black bear
  3398 | D:3      | Noticed an ogre
  3405 | D:3      | Demolished by an ogre

Illustrated notes

Levels and vault maps discovered:
D:1:      kilobyte_arrival_exit_the_forest, layout_loops_ring
D:2:      layout_basic, shapermc_ecumenical_altar_flowoftime, basic_altar
D:3:      layout_rooms, lightli_temple_of_fire,
          chequers_temple_overflow_statue_of_worship, ebering_ghost_gozag,
          nicolae_shop_vocational

Skill      XL: |  1  2 |
---------------+-------+-----
Maces & Flails | 2 |  2.4
Shields        | 3 |  3.7
Fighting       | |  3.8
Armour         | |  2.4

Action                   |  1- 3 |  4- 6 || total
-------------------------+-------+-------++-------
Melee: Flail             |   134 |    80 ||   214
       Whip              |       |    11 ||    11
  Use: Scroll            |     5 |     1 ||     6
Armor: Scale mail        |    83 |    43 ||   126
Dodge: Dodged            |    70 |    49 ||   119
Block: Buckler           |    29 |    21 ||    50

Table legend: (Time is in decaauts)
 A = Elapsed time spent in this place.
 B = Non-inter-level travel time spent in this place.
 C = Inter-level travel time spent in this place.
 D = Time resting spent in this place.
 E = Time spent auto-exploring this place.
 F = Levels seen in this place.
 G = Mean time per level.
                   A        B        C        D        E       F      G
               +--------+--------+--------+--------+--------+-----+--------+
         Total |   3481 |   3438 |     43 |    794 |   2039 |   3 | 1160.3 |
       Dungeon |   3481 |   3438 |     43 |    794 |   2039 |   3 | 1160.3 |
               +--------+--------+--------+--------+--------+-----+--------+

Top non-repeatable levels by time:
     D:2: 1663 daAuts
     D:1: 1020 daAuts
     D:3: 797 daAuts
